 Dungeon Crawl Stone Soup version 0.21.2 (webtiles) character file.

96 retrovino the Chucker (level 4, -3/38 HPs)
             Began as a Minotaur Hunter on Dec 19, 2018.
             Succumbed to a big kobold's poison
             ... on level 3 of the Dungeon.
             The game lasted 00:16:44 (2039 turns).

retrovino the Chucker (Minotaur Hunter)             Turns: 2039, Time: 00:16:44

Health: -3/38      AC:  6    Str: 16    XL:     4   Next: 41%
Magic:  3/3        EV:  9    Int:  8    God:
Gold:   76         SH:  0    Dex: 12    Spells: 3/3 levels left

rFire    . . .     SeeInvis .   e - +0 hand axe
rCold    . . .     Gourm    .   (no shield)
rNeg     . . .     Faith    .   m - +0 scale mail (curse)
rPois    .         Spirit   .   (helmet restricted)
rElec    .         Reflect  .   (no cloak)
rCorr    .         Harm     .   (no gloves)
MR       .....                  (no boots)
Stlth    ..........             (no amulet)
HPRegen  0.12/turn              (no ring)
MPRegen  0.08/turn              (no ring)

@: lethally poisoned (-3 -> -52), heavily drained
A: retaliatory headbutt, horns 2
a: no special abilities


You were on level 3 of the Dungeon.
You were not hungry.

You visited 1 branch of the dungeon, and saw 3 of its levels.

You collected 76 gold pieces.

Inventory:

Hand Weapons
 a - a +0 short sword
 e - a +0 hand axe (weapon)
 f - a +0 short sword
 h - a +0 hand axe
 l - a +0 dagger
 z - a +0 hunting sling
Missiles
 c - 6 javelins (quivered)
 d - 2 throwing nets
 k - 70 stones
 p - 16 poisoned needles
Armour
 b - a +0 leather armour
 m - a cursed +0 scale mail (worn)
 r - a +0 ring mail
 v - a +0 robe
Magical Staves
 s - an uncursed staff of air {unknown}
Jewellery
 o - an uncursed ring of see invisible {unknown}
Scrolls
 g - a scroll of teleportation {unknown}
 j - 7 scrolls of identify {unknown}
 n - 2 scrolls of random uselessness {unknown}
 q - a scroll of fog {unknown}
 w - a scroll of blinking {unknown}
 y - a scroll of enchant weapon {unknown}
Potions
 i - a potion of cancellation {unknown}
 u - a potion of curing {unknown}
 x - a potion of heal wounds {unknown}
Comestibles
 t - 4 rations


   Skills:
 + Level 3.2(1.3) Fighting
 + Level 0.6(0.0) Short Blades
 + Level 1.3(0.0) Axes
 + Level 4.9(3.0) Throwing
 + Level 1.2(0.0) Armour
 + Level 2.7(0.9) Dodging
 + Level 0.8(0.0) Stealth


You had 3 spell levels left.
You didn't know any spells.

Dungeon Overview and Level Annotations

Branches:
Dungeon (3/15)

Altars:
Cheibriados
Gozag


Innate Abilities, Weirdness & Mutations

You reflexively headbutt those who attack you in melee.
You have a pair of horns on your head.


Message History

You feel drained.
You hit the big kobold but do no damage.
The big kobold is heavily wounded.
You hit the big kobold but do no damage.
* * * LOW HITPOINT WARNING * * *
You feel very sick.
The big kobold hits you but does no damage.
The big kobold misses you.
You hit the big kobold.
The big kobold is heavily wounded.
You miss the big kobold.
* * * LOW HITPOINT WARNING * * *
You feel very sick.
The big kobold hits you but does no damage.
The big kobold barely misses you.
The big kobold hits you with a dagger of venom.
* * * LOW HITPOINT WARNING * * *
You are more poisoned.
Unknown command.
You die...

#.........# #.......#.###
#...........#
#.......#≈≈≈####
......≈≈≈≈≈≈≈≈ ##
###.#.≈≈≈≈≈≈≈≈######...##
.....####≈≈≈###.@.K......
#...))..#####...).K.###..
#.#..))...)....######
#.#.####.....###
.......#######.
#......<.......
#.#.#.#.#######
.......... #...#######


You could see 2 big kobolds.

Vanquished Creatures
  3 adders (D:2)
  An ooze (D:2)
  A worm (D:2)
  2 dart slugs
  4 giant cockroaches
  4 goblins
  8 hobgoblins
  2 jackals (D:2)
  A quokka (D:2)
  6 bats
  3 frilled lizards
  14 kobolds
  7 rats
56 creatures vanquished.

Notes
Turn   | Place    | Note
-------+----------+-------------------------------------------
     0 | D:1      | retrovino the Minotaur Hunter began the quest for the Orb.
     0 | D:1      | Reached XP level 1. HP: 18/18 MP: 0/0
    82 | D:1      | Reached XP level 2. HP: 12/25 MP: 1/1
    98 | D:1      | You fall through a shaft!
   148 | D:2      | Found an opulent altar of Gozag.
   378 | D:2      | Reached XP level 3. HP: 25/31 MP: 2/2
   528 | D:2      | Found a snail-covered altar of Cheibriados.
  1285 | D:1      | Reached XP level 4. HP: 23/38 MP: 3/3
  1287 | D:1      | Reached skill level 1 in Armour
  1614 | D:1      | Reached skill level 1 in Axes
  2026 | D:3      | Noticed a big kobold
  2027 | D:3      | Noticed a big kobold
  2038 | D:3      | HP: 1/38 [big kobold/dagger of venom (4)]
  2039 | D:3      | Succumbed to a big kobold's poison

Skill      XL: |  1  2  3  4 |
---------------+-------------+-----
Fighting       | 3 |  3.2
Armour         | 1 |  1.2
Axes           | 1 |  1.3
Short Blades   | |  0.6
Throwing       | |  4.9
Dodging        | |  2.7
Stealth        | |  0.8

Action                   |  1- 3 |  4- 6 || total
-------------------------+-------+-------++-------
Melee: Short sword       |    35 |       ||    35
       Headbutt          |    15 |     9 ||    24
       Hand axe          |    38 |    58 ||    96
Throw: Javelin           |     2 |       ||     2
  Eat: Ration            |     2 |       ||     2
Armor: Leather armour    |    15 |       ||    15
       Scale mail        |    17 |    27 ||    44
Dodge: Dodged            |    61 |    44 ||   105
